 Dungeon Crawl Stone Soup version 0.30-a0-457-g4b7bca3bfa (webtiles) character file.

Game seed: 5304007122262826972

118419 Angani the Black Crusader (level 16, -16/258 (307) HPs)
             Began as a Purple Draconian Reaver on Dec 13, 2022.
             Was an Initiate of Yredelemnul.
             Demolished by a wolf spider (18 damage)
             ... led by a torpor snail
             ... on level 1 of the Spider Nest.
             The game lasted 01:40:59 (33936 turns).

Angani the Black Crusader (DrRe)                   Turns: 33936, Time: 01:40:59

HP:   -16/258 (307) AC: 39    Str: 18    XL:     16   Next: 25%
MP:   30/30         EV:  2    Int: 19    God:    Yredelemnul [......]
Gold: 2435          SH:  0    Dex: 11    Spells: 19/35 levels left

rFire   + . .      SeeInvis .    W - +4 bardiche (protect)
rCold   . . .      Faith    .    (shield currently unavailable)
rNeg    . . .      Spirit   .    (body armour unavailable)
rPois   +          Reflect  .    (helmet currently unavailable)
rElec   .          Harm     .    (cloak currently unavailable)
rCorr   .          Rampage  .    (gloves currently unavailable)
Will    ++...      NoTele   +    (boots currently unavailable)
Stlth   ..........               U - amulet of regeneration
HPRegen 1.43/turn                l - +4 ring of protection
MPRegen 0.22/turn                O - ring of protection from fire

@: berserking, tree-form (expiring), under a protective aura, hasted, heavily
drained, very quick
A: stationary, stasis, torment immunity, boosted hp, (breathe power), AC +9,
unfitting armour, (cold-blooded), (talons 1), mutation resistance 1, strong 1
a: Renounce Religion, Recall Undead Harvest


You were on level 1 of the Spider Nest.
You worshipped Yredelemnul.
Yredelemnul was most pleased with you.
You were a tree.
You visited 5 branches of the dungeon, and saw 24 of its levels.
You also visited: Bailey, Ice Cave and Volcano.

You collected 3390 gold pieces.
You spent 955 gold pieces at shops.

Inventory:

Hand Weapons
 W - a +4 bardiche of protection (weapon)
Missiles
 d - 3 throwing nets (quivered)
Armour
 k - a +0 pair of boots (melded)
 w - a +2 cloak of cold resistance (melded)
 H - a +0 tower shield of cold resistance
 Y - the +2 pair of gloves of Optos (melded) {rPois Str+2}
   (You acquired it on level 1 of the Orcish Mines)

   Str:       It affects your strength (+2).
   rPois:     It protects you from poison.
Jewellery
 f - a ring of flight
 l - a +4 ring of protection (left branch)
 q - an amulet of faith
 t - a +6 ring of dexterity
 y - a ring of ice
 C - a ring of positive energy
 N - a ring of ice
 O - a ring of protection from fire (right branch)
 Q - a +4 ring of protection
 S - a +6 ring of intelligence
 U - an amulet of regeneration (around neck)
Wands
 p - a wand of mindburst (1)
 z - a wand of paralysis (1)
 F - a wand of polymorph (8)
 J - a wand of digging (8)
 X - a wand of flame (10)
Scrolls
 b - 4 scrolls of vulnerability
 c - a scroll of blinking
 e - 6 scrolls of amnesia
 g - 3 scrolls of poison
 h - a scroll of brand weapon
 v - 4 scrolls of immolation
 x - a scroll of fear
 K - a scroll of fog
Potions
 i - 4 potions of invisibility
 j - 3 potions of mutation
 o - 5 potions of flight
 r - 8 potions of ambrosia
 u - 5 potions of brilliance
 A - a potion of resistance
 D - 3 potions of magic
 E - 6 potions of haste
 G - 2 potions of lignification
 L - 3 potions of might
 M - 7 potions of curing
 V - 2 potions of berserk rage
Miscellaneous
 B - a piece from Xom's chessboard (15/15)


   Skills:
 - Level 11.3 Fighting
 + Level 11.4 Polearms
 - Level 10.2 Dodging
 - Level 10.4 Spellcasting
 - Level 3.0 Conjurations
 - Level 10.4 Hexes
 - Level 9.5 Transmutations
 + Level 19.0 Invocations


You had 19 spell levels left.
You knew the following spells:

 Your Spells              Type           Power      Damage    Failure   Level
a - Kiss of Death         Conj/Necr      60%        2d10      3%          1
b - Yara's Violent Unrav  Hex/Tmut       23%        3d10      3%          5
c - Enfeeble              Hex            24%        N/A       63%         7
d - Inner Flame           Hex/Fire       29%        N/A       2%          3

Your spell library contained the following spells:

 Spells                   Type           Power      Damage    Failure   Level
 Slow                     Hex            100%       N/A       1%          1
 Confusing Touch          Hex            49%        N/A       1%          3
 Tukima's Dance           Hex            49%        N/A       1%          3
 Portal Projectile        Hex/Tloc       58%        N/A       2%          3
 Foxfire                  Conj/Fire      60%        2x1d7     3%          1
 Blade Hands              Tmut           23%        N/A       4%          5
 Momentum Strike          Conj/Tloc      30%        3d8       6%          2
 Freeze                   Ice            36%        1d5       7%          1
 Leda's Liquefaction      Hex/Erth       14%        N/A       9%          4
 Cigotuvi's Dreadful Rot  Necr/Pois/Air  18%        N/A       11%         2
 Hailstorm                Conj/Ice       15%        3d5       12%         3
 Gell's Gravitas          Tloc           9%         N/A       22%         3
 Lesser Beckoning         Tloc           18%        N/A       22%         3
 Teleport Other           Tloc           9%         N/A       22%         3
 Vampiric Draining        Necr           9%         2d6       22%         3
 Dispel Undead            Necr           9%         3d8       56%         4
 Statue Form              Tmut/Erth      18%        N/A       83%         6
 Lee's Rapid Deconstruct  Erth           4%         3d5*      89%         5
 Starburst                Conj/Fire      7%         6d4       99%         6
 Dispersal                Tloc           4%         N/A       100%        6
 Death Channel            Necr           Unusable   N/A       N/A         6

Dungeon Overview and Level Annotations

Branches:
Dungeon (15/15) Temple (1/1) D:7 Lair (5/5) D:8 Swamp (0/4) Lair:3 Spider (1/4) Lair:2 Slime (0/5) Lair:4 Orc (2/2) D:11 Elf (0/3) Orc:2 Vaults (0/5) D:12 D:13 Depths (0/4) D:15 Bailey (visited) IceCv (visited) Volcano (visited)

Altars:
Ashenzari
Cheibriados
Elyvilon
Fedhas
Gozag
Hepliaklqana
Kikubaaqudgha
Nemelex Xobeh
Okawaru
Qazlal
Trog
Uskayaw
Vehumet
Wu Jian
Xom
Yredelemnul
Zin
The Shining One
Jiyva

Shops:
D:4 ?   D:5 [   D:15 *[!   Orc:1 :   Orc:2 (:[*

Annotations:
Lair:4 1 runed translucent door


Innate Abilities, Weirdness & Mutations

You are a tree.
Your roots penetrate the ground, keeping you stationary.
You cannot be teleported.
You are immune to unholy pain and torment.
Your maximum health is greatly increased.
Your equipment is partially melded.
((You can breathe bolts of dispelling energy.))
((Your rich purple scales are hard. (AC +9)))
You cannot fit into any form of body armour.
((You are cold-blooded and may be slowed by cold attacks.))
((You have sharp toenails.))
You are somewhat resistant to further mutation.
Your muscles are strong. (Str +4, Int/Dex -1)


Message History

* * * LOW HITPOINT WARNING * * *
The wolf spider bites you but does no damage.
The wolf spider hits you but does no damage.
The wolf spider bites you but does no damage.
You slice the wolf spider!!
You kill the wolf spider!
A freezing mist starts to gather...
A wolf spider simulacrum comes into view.
The wolf spider rages.
Unknown command.
You hit the wolf spider simulacrum.
The wolf spider simulacrum is lightly damaged.
Unknown command.
You hit the wolf spider.
The wolf spider is lightly wounded.
The wolf spider hits you but does no damage.
The wolf spider bites you but does no damage.
The wolf spider hits you!
* * * LOW HITPOINT WARNING * * *
The wolf spider bites you but does no damage.
You completely miss the wolf spider.
The wolf spider is lightly wounded.
The wolf spider hits you.
* * * LOW HITPOINT WARNING * * *
The wolf spider bites you but does no damage.
The wolf spider hits you!
* * * LOW HITPOINT WARNING * * *
The wolf spider bites you but does no damage.
You hit the wolf spider.
The wolf spider is lightly wounded.
The wolf spider hits you.
* * * LOW HITPOINT WARNING * * *
The wolf spider bites you but does no damage.
The wolf spider hits you!!
* * * LOW HITPOINT WARNING * * *
The wolf spider bites you but does no damage.
A red film seems to cover your vision as you go berserk!
You feel yourself moving faster!
You feel mighty! The wolf spider hits you!!
You die...
Your body rises from the dead as a mindless zombie.

.#....y..ss..^#
w ..y..Z.s##
#.##...#s##
#..###s# .^..
##s# .^... #Z#
....# #y# ...#
#s## ..# #♣#
###


You could see a wolf spider (berserk, soul bound), a moth of wrath (soul bound),
an orb spider (soul bound, charged), 2 tarantellas, a redback (soul bound) and a
wolf spider simulacrum.

Vanquished Creatures
  Rupert (Spider:1)
  An orc warlord (Orc:1)
  4 hydras
  A jorogumo (Spider:1)
  3 centaur warriors
  5 boulder beetles
  2 two-headed ogres
  8 death yaks
  A tengu warrior (D:15)
  A spectral centaur (Lair:2)
  A sun demon (Volcano)
  A pharaoh ant (Spider:1)
  A spectral death yak (Lair:3)
  An orb spider (Spider:1)
  An orb spider (shapeshifter) (D:12)
  2 orc knights
  A phantasmal warrior (D:15)
  3 deep elf pyromancers
  2 orc sorcerers
  7 ugly things
  A harpy (Lair:5)
  An oklob plant (Lair:3)
  3 wolf spiders (Spider:1)
  A manticore (Lair:5)
  A moth of wrath (Spider:1)
  3 black mambas
  3 elephants
  8 cane toads
  A gargoyle (D:12)
  6 rime drakes
  A demonic crawler (Spider:1)
  5 komodo dragons
  3 meliai
  4 trolls
  2 red devils (Volcano)
  2 freezing wraiths
  A tarantella (Spider:1)
  6 polar bears
  A queen bee (Spider:1)
  A wind drake (Lair:5)
  A tyrant leech (Lair:2)
  17 blink frogs
  5 slime creatures
  7 dream sheep
  3 culicivoras
  A jumping spider (Spider:1)
  A shadow (D:10)
  26 yaks
  A basilisk (D:12)
  A spectral komodo dragon (Lair:2)
  3 wraiths
  13 humans
  5 wyverns
  5 redbacks (Spider:1)
  6 vampire mosquitoes
  3 swamp worms
  2 acid dragons
  A spectral queen bee (Spider:1)
  9 water moccasins
  18 orc warriors
  5 black bears
  3 sky beasts
  4 ogres
  7 ice beasts
  A kobold zombie (Orc:1)
  A boggart (D:14)
  13 centaurs
  17 wolves
  A phantom (D:4)
  A spectral human (D:12)
  5 kobold brigands
  9 bullfrogs
  A gnoll sergeant (D:9)
  A warg zombie (Orc:1)
  12 wights
  3 yak zombies (Lair:3)
  20 killer bees
  A howler monkey (D:5)
  3 hounds
  2 human zombies
  10 orc priests
  3 gnoll boudas
  2 iguanas
  3 jellies
  14 orc wizards
  A polar bear simulacrum (Lair:3)
  A yak simulacrum (Lair:3)
  A wolf simulacrum (Lair:3)
  A killer bee zombie (Spider:1)
  Robin (D:2)
  7 adders
  15 gnolls
  2 white imps
  An ufetubus (D:4)
  An orc zombie (D:9)
  3 dart slugs
  71 orcs
  5 ball pythons
  4 endoplasms
  3 giant cockroaches
  20 goblins
  14 hobgoblins
  4 jackals (D:5)
  25 kobolds
  8 quokkas
  A bat (D:2)
  A frilled lizard (D:5)
  7 rats
  4 river rat simulacra (Lair:3)
  A butterfly (D:7)
573 creatures vanquished.

Vanquished Creatures (collateral kills)
  A frost giant (IceCv)
  An orc warlord (Orc:2)
  3 hydras
  3 centaur warriors
  A radroach (Spider:1)
  A merfolk avatar (Lair:5)
  4 boulder beetles
  6 death yaks
  3 orc high priests (Orc:2)
  Sonja (Orc:1)
  A skeletal warrior (D:15)
  A wizard (D:14)
  A lindwurm (Lair:2)
  5 orc knights
  8 ugly things
  2 necromancers
  3 wolf spiders (Spider:1)
  2 stone giant zombies (D:15)
  A deep elf pyromancer (D:13)
  4 orc sorcerers
  4 manticores
  4 black mambas
  8 elephants
  An ice statue (IceCv)
  3 cane toads
  A torpor snail (Spider:1)
  A yaktaur (D:15)
  7 rime drakes
  4 komodo dragons
  A tengu conjurer (D:15)
  A guardian mummy (D:15)
  A troll (Orc:1)
  A red devil (Volcano)
  4 polar bears (Lair:5)
  A wind drake (Lair:5)
  A hornet (Lair:5)
  8 slime creatures
  A raiju (shapeshifter) (D:13)
  9 blink frogs
  6 dream sheep
  A spriggan zombie (D:15)
  A culicivora (Spider:1)
  3 wyverns
  A black mamba zombie (Lair:2)
  2 wraiths (Lair:4)
  A basilisk (shapeshifter) (D:14)
  13 yaks
  3 humans (D:13)
  2 vampire mosquitoes (D:13)
  A warg (Orc:1)
  2 water moccasins
  3 acid dragons
  31 orc warriors
  8 wolves
  2 boggarts (D:14)
  An ogre (Orc:2)
  2 centaurs
  A rime drake zombie (IceCv)
  A bullfrog (Lair:3)
  3 killer bees
  2 electric eels
  17 orc priests
  19 orc wizards
  2 polar bear simulacra (Lair:3)
  A wolf simulacrum (Lair:3)
  A gnoll (D:9)
  54 orcs
  2 goblins (D:9)
  A hobgoblin (Bailey)
  A kobold (Bailey)
  A river rat simulacrum (Lair:3)
  A bush (Lair:5)
303 creatures vanquished.

Vanquished Creatures (others)
  A spectral human (D:12)
  3 ugly thing zombies (D:14)
  A wolf spider zombie (Spider:1)
  A death yak zombie (IceCv)
  2 redback zombies (Spider:1)
  A hydra zombie (D:13)
  A culicivora zombie (Spider:1)
  A boulder beetle zombie (Spider:1)
  A wind drake zombie (Lair:5)
  A black mamba zombie (Lair:5)
  2 slime creature zombies
  4 human zombies
  2 cane toad zombies
  A hornet zombie (Lair:5)
  2 elephant zombies
  A manticore zombie (D:13)
  7 blink frog zombies
  3 rime drake zombies
  A yaktaur zombie (D:15)
  2 water moccasin zombies
  3 wyvern zombies
  4 polar bear zombies
  A raiju zombie (D:13)
  A troll zombie (D:11)
  7 yak zombies
  7 wolf zombies
  7 centaur zombies
  2 bullfrog zombies
  An orc wizard (D:8)
  5 killer bee zombies
  2 acid dragon zombies
  An orc (Orc:2)
  5 gnoll zombies
  2 goblin zombies (Bailey)
  A hobgoblin zombie (Bailey)
  11 kobold zombies
  47 orc zombies
  51 fungi
  89 plants
  10 withered plants (D:15)
295 creatures vanquished.

Grand Total: 1171 creatures vanquished

Notes
Turn   | Place    | Note
-------+----------+-------------------------------------------
     0 | D:1      | Angani the Draconian Reaver began the quest for the Orb.
     0 | D:1      | Reached XP level 1. HP: 17/17 MP: 3/3
   404 | D:1      | Reached XP level 2. HP: 25/25 MP: 5/5
   693 | D:2      | You fall into a shaft and drop 2 floors!
   722 | D:4      | HP: 1/26 [hound (1)]
   724 | D:4      | Reached XP level 3. HP: 2/31 MP: 6/6
   843 | D:4      | Found Zesk's Magic Scroll Shop.
   848 | D:4      | Bought a scroll of identify for 28 gold pieces
  1015 | D:3      | Reached XP level 4. HP: 37/40 MP: 7/7
  1087 | D:3      | Found an iron altar of Okawaru.
  1368 | D:2      | Noticed Robin
  1431 | D:2      | Killed Robin
  2013 | D:2      | Reached XP level 5. HP: 36/47 MP: 8/8
  2054 | D:2      | Found a bloodstained altar of Trog.
  2431 | D:3      | Learned a level 5 spell: Yara's Violent Unravelling
  2454 | D:3      | Found a faded altar of an unknown god.
  2871 | D:3      | Found a snail-covered altar of Cheibriados.
  3225 | D:4      | Noticed a black bear
  3267 | D:4      | Killed a black bear
  3268 | D:4      | Reached skill level 5 in Fighting
  3268 | D:4      | Reached skill level 5 in Polearms
  3268 | D:4      | Reached XP level 6. HP: 56/56 MP: 9/9
  3544 | D:5      | Entered Level 5 of the Dungeon
  3544 | D:5      | Found a stormy altar of Qazlal.
  3835 | D:4      | Your scales start taking on a rich purple colour.
  3835 | D:4      | Reached XP level 7. HP: 62/63 MP: 10/10
  3988 | D:5      | Noticed a two-headed ogre
  4014 | D:4      | Killed a two-headed ogre
  4015 | D:4      | Reached XP level 8. HP: 33/71 MP: 10/18
  4206 | D:5      | Found Dagyfuix's Armour Shop.
  4228 | D:5      | Reached skill level 1 in Hexes
  4228 | D:5      | Reached skill level 1 in Transmutations
  4334 | D:5      | Found an ancient bone altar of Kikubaaqudgha.
  4613 | D:5      | Found a bloodstained altar of Trog.
  5486 | D:6      | Reached XP level 9. HP: 75/78 MP: 19/19
  5576 | D:6      | Identified the +5 ring mail "Qywocol" {Rampage rN+ Int+2
                  | Stlth-}
  6311 | D:7      | Reached skill level 5 in Hexes
  6538 | D:7      | Reached skill level 5 in Transmutations
  6567 | D:7      | Found a staircase to the Ecumenical Temple.
  6605 | D:7      | Found a hide-covered altar of Uskayaw.
  6631 | Temple   | Entered the Ecumenical Temple
  6678 | Temple   | Became a worshipper of Yredelemnul the Dark
  6760 | D:7      | Noticed a troll
  7366 | D:6      | Reached * piety under Yredelemnul
  8325 | D:8      | Found a hazy altar of Hepliaklqana.
  8418 | D:8      | Reached XP level 10. HP: 58/84 MP: 20/20
  8527 | D:8      | Found a staircase to the Lair.
  9128 | D:8      | Found an opulent altar of Gozag.
  9535 | D:9      | Found a flagged portal.
  9547 | Bailey   | Entered a bailey
  9954 | Bailey   | Noticed an orc knight
  9981 | Bailey   | Gained mutation: You have sharp toenails. [potion of
                  | mutation]
  9981 | Bailey   | Gained mutation: Your muscles are strong. (Str +4, Int/Dex
                  | -1) [potion of mutation]
  9981 | Bailey   | Gained mutation: You are somewhat resistant to further
                  | mutation. [potion of mutation]
  9993 | Bailey   | Killed an orc knight
 10565 | D:9      | Reached ** piety under Yredelemnul
 10828 | D:9      | Reached *** piety under Yredelemnul
 10829 | D:9      | Reached skill level 10 in Hexes
 11447 | D:10     | Entered Level 10 of the Dungeon
 11456 | D:10     | Learned a level 7 spell: Enfeeble
 11578 | D:10     | Reached XP level 11. HP: 59/91 MP: 21/21
 13594 | D:11     | Noticed a boulder beetle
 13664 | D:11     | Killed a boulder beetle
 13774 | D:11     | Noticed a boulder beetle
 13896 | D:11     | Found a staircase to the Orcish Mines.
 13960 | D:11     | Reached skill level 10 in Spellcasting
 14219 | D:11     | Noticed a purple ugly thing
 14230 | D:11     | Killed a purple ugly thing
 14231 | D:11     | Reached skill level 1 in Invocations
 14483 | D:11     | Killed a boulder beetle
 14484 | D:11     | Reached skill level 2 in Invocations
 14595 | D:11     | Reached skill level 3 in Invocations
 14739 | Lair:1   | Entered Level 1 of the Lair of Beasts
 15034 | Lair:1   | Reached skill level 4 in Invocations
 15897 | Lair:2   | Reached skill level 5 in Invocations
 16154 | Lair:2   | Got Wijikeag's Compilation of Fiery Cold
 16159 | Lair:2   | Learned a level 3 spell: Inner Flame
 16171 | Lair:2   | Reached XP level 12. HP: 104/104 MP: 18/26
 16386 | Lair:2   | Reached skill level 6 in Invocations
 16422 | Lair:2   | Found a hole to the Spider Nest.
 17201 | Lair:3   | Reached skill level 10 in Fighting
 17201 | Lair:3   | Reached skill level 7 in Invocations
 17400 | Lair:3   | Noticed a six-headed hydra
 17408 | Lair:3   | Killed a six-headed hydra
 17439 | Lair:3   | Noticed a death yak
 17448 | Lair:3   | Noticed a death yak
 17450 | Lair:3   | Noticed a death yak
 17452 | Lair:3   | Killed a death yak
 17453 | Lair:3   | Reached skill level 8 in Invocations
 17458 | Lair:3   | Killed a death yak
 17458 | Lair:3   | Killed a death yak
 17467 | Lair:3   | Noticed a death yak
 17746 | Lair:3   | Killed a death yak
 17747 | Lair:3   | Reached skill level 9 in Invocations
 18414 | Lair:3   | Noticed a six-headed hydra
 18425 | Lair:3   | Killed an eight-headed hydra
 18445 | Lair:3   | Found a staircase to the Swamp.
 18445 | Lair:3   | Noticed a six-headed hydra
 18709 | Lair:3   | Killed a six-headed hydra
 19492 | Lair:4   | Reached XP level 13. HP: 116/116 MP: 27/27
 19502 | Lair:4   | Reached skill level 10 in Invocations
 19519 | Lair:4   | Reached **** piety under Yredelemnul
 19652 | Lair:4   | Reached ***** piety under Yredelemnul
 19792 | Lair:4   | Reached skill level 11 in Invocations
 19814 | Lair:4   | Found a runed translucent door.
 19820 | Lair:4   | Found a viscous altar of Jiyva.
 19820 | Lair:4   | Noticed an acid blob
 19820 | Lair:4   | Noticed an acid blob
 19827 | Lair:4   | Found a staircase to the Slime Pits.
 19827 | Lair:4   | Noticed Josephine
 19840 | Lair:4   | Killed Josephine
 19840 | Lair:4   | Enslaved Josephine
 20286 | Lair:4   | Reached ****** piety under Yredelemnul
 20772 | Lair:5   | Entered Level 5 of the Lair of Beasts
 20814 | Lair:5   | Reached skill level 10 in Polearms
 20822 | Lair:5   | Found a frozen archway.
 20839 | IceCv    | Entered an ice cave
 21011 | IceCv    | Reached skill level 12 in Invocations
 22242 | IceCv    | Noticed a frost giant
 22274 | IceCv    | Killed a frost giant
 22275 | IceCv    | Reached skill level 13 in Invocations
 22275 | IceCv    | Reached XP level 14. HP: 103/124 MP: 23/28
 22698 | Lair:5   | Reached skill level 5 in Dodging
 23152 | Lair:5   | Reached skill level 14 in Invocations
 24184 | D:12     | Your ally Josephine died
 24707 | D:12     | Found a white marble altar of Elyvilon.
 25460 | D:13     | Noticed Nessos
 25460 | D:13     | Found a gate to the Vaults.
 25853 | D:12     | Reached skill level 15 in Invocations
 26654 | D:13     | Reached XP level 15. HP: 68/130 MP: 29/29
 27687 | D:13     | Killed Nessos
 27687 | D:13     | Enslaved Nessos
 28171 | D:14     | Found a broken altar of Ashenzari.
 28950 | D:14     | Reached skill level 16 in Invocations
 29500 | D:15     | Entered Level 15 of the Dungeon
 29811 | D:15     | Reached skill level 10 in Dodging
 29818 | D:15     | Found a staircase to the Depths.
 30214 | D:15     | Reached skill level 17 in Invocations
 30445 | D:15     | Found Peneysuph's Distillery.
 30446 | D:15     | Found Rafeur's Armour Shoppe.
 30446 | D:15     | Found Tuwamp's General Store.
 30468 | D:15     | Bought a potion of curing for 51 gold pieces
 30468 | D:15     | Bought 2 potions of heal wounds for 170 gold pieces
 30468 | D:15     | Bought a potion of attraction for 51 gold pieces
 30468 | D:15     | Bought a scroll of teleportation for 51 gold pieces
 30468 | D:15     | Bought a potion of mutation for 136 gold pieces
 30472 | D:15     | Bought a potion of might for 52 gold pieces
 30472 | D:15     | Bought a potion of lignification for 39 gold pieces
 30472 | D:15     | Bought a potion of lignification for 39 gold pieces
 30472 | D:15     | Bought a potion of berserk rage for 65 gold pieces
 30472 | D:15     | Bought a potion of curing for 39 gold pieces
 30472 | D:15     | Bought a potion of berserk rage for 65 gold pieces
 30472 | D:15     | Bought a potion of haste for 130 gold pieces
 30472 | D:15     | Bought a potion of attraction for 39 gold pieces
 30764 | Orc:1    | Entered Level 1 of the Orcish Mines
 30844 | Orc:1    | Found a dark tunnel.
 30849 | Volcano  | Entered a volcano
 31344 | Orc:1    | Identified a scroll of acquirement
 31345 | Orc:1    | Acquired the +2 pair of gloves of Optos {rPois Str+2}
 31456 | Orc:1    | Found Jelacip's Book Emporium.
 31681 | Orc:2    | Entered Level 2 of the Orcish Mines
 31733 | Orc:2    | Found a staircase to the Elven Halls.
 31787 | Orc:2    | Reached skill level 18 in Invocations
 31846 | Orc:2    | Found Sexez's General Store.
 31851 | Orc:2    | Found Ugge's Book Boutique.
 31854 | Orc:2    | Found Ruani's Antique Armour Boutique.
 31854 | Orc:2    | Found Hoateeth's Antique Weapon Shop.
 32368 | Orc:1    | Noticed Sonja
 32469 | Orc:1    | Killed Sonja
 32491 | Orc:1    | Your ally Sonja died
 32823 | Spider:1 | Entered Level 1 of the Spider Nest
 32831 | Spider:1 | Reached XP level 16. HP: 137/137 MP: 30/30
 33884 | Spider:1 | Noticed Rupert
 33906 | Spider:1 | Killed Rupert
 33930 | Spider:1 | Reached skill level 19 in Invocations
 33935 | Spider:1 | HP: 1/172 [wolf spider[a torpor snail] (18)]
 33936 | Spider:1 | Demolished by a wolf spider

Illustrated notes

Levels and vault maps discovered:
D:1:      tekkud_arrival_beachfront_property, layout_loops_ring
D:2:      layout_basic, basic_altar, minmay_misc_feat_iff, uniq_robin
D:3:      layout_loops_corners, mainiacjoe_overflow_alcove_4,
          okawaru_metal_pillars_1_2, shapermc_ecumenical_altar_gd
D:4:      layout_rooms, serial_shops, nicolae_shop_hallway_plus, minivault_27
D:5:      layout_rooms, trog_butcher_becter,
          mainiacjoe_overflow_concentric_impassable,
          nicolae_qazlal_scattered_showers, serial_shops, shop
D:6:      layout_loops_corners, kennysheep_path_1, kennysheep_generic_room_7
D:7:      layout_rooms, kennysheep_mini_moat, minmay_temple_entry_butterflies,
          grunt_ministairs_3
D:8:      layout_loops_ring, kennysheep_little_box,
          mainiacjoe_overflow_tiny_flanked, hellmonk_lair_entry_icy,
          minmay_fractal_squares_diagonal_5
D:9:      layout_small_grid, enter_bailey_4, minmay_increasing_density
D:10:     layout_layer_cave
D:11:     kennysheep_six_static_rooms, layout_loops_ring, orc_0_dummy,
          dreamdust_gnoll_shepherd
D:12:     layout_long_grid, minmay_stone_trees_small, elyvilon_altar_3
D:13:     layout_irregular_city, david_vaults_3
D:14:     layout_loops_ring, cheibrodos_ashenzari_chains, uniq_nessos
D:15:     gammafunk_depths_entry_grave, layout_rooms,
          hangedman_decor_diamond_cutter, nicolae_wooded_promenade
Temple:   jpeg_temple_clearing
Lair:1:   layout_hall_layers, grunt_megastairs_5
Lair:2:   layout_misc_corridors, spider_nest_entry_web_field
Lair:3:   nzn_winding_woodlands_small [nzn_winding_woodlands_5x15_sidewinder,
          nzn_winding_woodlands_center_garden,
          nzn_winding_woodlands_5x15_pockets], layout_regular_city,
          palyth_hydra_swamp_entry, eino_house_with_fridge
Lair:4:   layout_misc_corridors, slime_entry_2, serial_bayou_pond_b,
          infiniplex_staircase_pool, grunt_megastairs_3, uniq_josephine
Lair:5:   gammafunk_lair_ancient_temple, layout_regular_city,
          portal_ice_cave_entry_pillars_1, serial_bayou_shore_a
Spider:1: layout_spider_delve, special_room [special_room_bee],
          nicolae_spider_some_kinda_spiderbox, uniq_rupert
Orc:1:    layout_caves, enter_volcano_4, serial_shops, shop, uniq_sonja
Orc:2:    st_orc_congregation, layout_caves

Skill      XL: |  1  2  3  4  5  6  7  8  9 10 11 12 13 14 15 16 |
---------------+-------------------------------------------------+-----
Fighting       | 3 4 5 6 9 11 | 11.3
Polearms       | 4 5 6 7 10 11 | 11.4
Spellcasting   | 6 7 10 | 10.4
Hexes          | 4 7 10 | 10.4
Transmutations | 3 7 9 |  9.5
Invocations    | 5 9 13 15 18 19 | 19.0
Dodging        | 4 8 10 | 10.2
Conjurations   | |  3.0

Action                   |  1- 3 |  4- 6 |  7- 9 | 10-12 | 13-15 | 16-18 || total
-------------------------+-------+-------+-------+-------+-------+-------++-------
Melee: Spear             |   100 |    18 |    73 |   844 |   393 |       ||  1428
       Tailslap          |     6 |    31 |    63 |    97 |   195 |    14 ||   406
       Trident           |       |   291 |   455 |       |   873 |       ||  1619
       Punch             |       |     3 |     9 |    14 |    12 |       ||    38
       Kick              |       |       |       |   169 |   295 |       ||   464
       Bardiche          |       |       |       |       |    31 |   167 ||   198
Throw: Dart              |     5 |       |     9 |    16 |       |       ||    30
 Cast: Yara's Violent Un |       |       |       |    10 |     3 |     7 ||    20
       Inner Flame       |       |       |       |    23 |     7 |     1 ||    31
       Enfeeble          |       |       |       |       |       |     1 ||     1
Invok: Recall Undead Har |       |       |       |     8 |    29 |     5 ||    42
       Dark Bargain      |       |       |       |     3 |    27 |       ||    30
       Bind Soul         |       |       |       |       |     3 |       ||     3
       Drain Life        |       |       |       |       |     1 |       ||     1
 Abil: Breathe Dispellin |       |       |    13 |    29 |    15 |     1 ||    58
Evoke: Wand              |       |       |       |     6 |    23 |     2 ||    31
       Piece from Xom's  |       |       |       |       |     2 |       ||     2
  Use: Scroll            |     3 |     3 |     4 |    14 |    18 |    11 ||    53
       Potion            |     3 |     1 |     6 |     7 |    13 |     6 ||    36
 Stab: Sleeping          |       |     1 |     1 |     1 |       |       ||     3
       Distracted        |       |       |       |    12 |    17 |     1 ||    30
       Paralysed         |       |       |       |       |    25 |       ||    25
Armor: Skin              |    22 |   150 |   238 |   278 |   878 |   251 ||  1817
Dodge: Dodged            |    58 |   161 |   362 |   361 |   704 |   355 ||  2001

Table legend: (Time is in decaauts)
 A = Elapsed time spent in this place.
 B = Non-inter-level travel time spent in this place.
 C = Inter-level travel time spent in this place.
 D = Time resting spent in this place.
 E = Time spent auto-exploring this place.
 F = Levels seen in this place.
 G = Mean time per level.
                   A        B        C        D        E       F      G
               +--------+--------+--------+--------+--------+-----+--------+
         Total |  33547 |  32240 |   1307 |  10807 |  13703 |  27 | 1242.5 |
       Dungeon |  20423 |  19563 |    860 |   6185 |   9070 |  15 | 1361.5 |
        Temple |     89 |     48 |     41 |      0 |     31 |   1 |   89.0 |
          Lair |   8209 |   7915 |    294 |   2718 |   3482 |   5 | 1641.8 |
   Spider Nest |    470 |    470 |      0 |    179 |     65 |   1 |  470.0 |
  Orcish Mines |   1442 |   1331 |    111 |     56 |    820 |   2 |  721.0 |
        Bailey |    867 |    867 |      0 |    437 |    128 |   1 |  867.0 |
      Ice Cave |   1560 |   1560 |      0 |    965 |     41 |   1 | 1560.0 |
       Volcano |    484 |    484 |      0 |    266 |     65 |   1 |  484.0 |
               +--------+--------+--------+--------+--------+-----+--------+

Top non-repeatable levels by time:
     D:6: 2416 daAuts
  Lair:3: 2411 daAuts
    D:13: 2111 daAuts
    D:12: 1917 daAuts
  Lair:2: 1909 daAuts
    D:11: 1794 daAuts
   IceCv: 1560 daAuts
    D:10: 1548 daAuts
  Lair:5: 1461 daAuts
     D:4: 1409 daAuts
    D:14: 1368 daAuts
  Lair:4: 1276 daAuts
  Lair:1: 1149 daAuts
     D:9: 1137 daAuts
    D:15: 1130 daAuts
